Map: Ephemeron LE

Players

Mez - Winner!

  • Race: Terran Terran
  • League: Master
  • Spawn Location: 11:00

IceWorLd

  • Race: Zerg Zerg
  • League: Master
  • Spawn Location: 5:00

VOD

Have the link to the VOD?

Description

Time

  • Played on: Aug. 31, 2019, 3:15 a.m.
  • Length: 14:40
Show
View Real Time Build Order
Export as new Build Order

Mez Terran - Winner!

Build Orders: Liberator Opening, Reaper Expand 

Get SALT Encoding   

  12  0:00  SCV  
  13  0:12  SCV  
  14  0:17  Supply Depot  
  14  0:25  SCV  
  15  0:38  SCV  
  15  0:39  Barracks  
  16  0:44  Refinery  
  16  0:50  SCV  
  17  1:02  SCV  
  18  1:15  SCV  
  19  1:27  Orbital Command, Reaper  
  20  1:42  Command Center  
  20  1:51  Supply Depot  
  21  1:54  SCV  
  21  2:01  Marine  
  21  2:07  SCV  
  23  2:16  Factory  
  23  2:22  Refinery  
  23  2:27  Barracks Reactor  
  23  2:35  SCV  
  24  2:47  SCV  
  25  2:57  Orbital Command  
  25  3:00  SCV  
  26  3:07  Starport, Supply Depot  
  26  3:12  Hellion x2  
  30  3:13  SCV  
  31  3:24  Barracks Tech Lab  
  31  3:25  SCV x2  
  33  3:30  Liberator  
  33  3:38  SCV, Hellion x2  
  33  3:39  SCV  
  39  3:46  Supply Depot  
  42  3:51  SCV x2  
  42  3:52  Stimpack  
  44  4:03  SCV x2, Hellion, Widow Mine  
  50  4:15  SCV x2  
  52  4:19  Command Center  
  52  4:24  Supply Depot  
  52  4:30  SCV x2  
  54  4:42  Marine  
  55  4:46  Factory Reactor  
  55  4:47  SCV, Starport Reactor  
  55  4:48  SCV  
  55  4:49  Barracks  
  55  4:50  Barracks  
  58  5:00  Marine, SCV x2  
  58  5:01  Engineering Bay x2  
  57  5:14  SCV x2  
  57  5:17  Refinery  
  57  5:18  Marine, Refinery  
  59  5:26  SCV x2  
  61  5:28  Terran Infantry Armor Level 1, Terran Infantry Weapons Level 1  
  61  5:33  Factory Tech Lab  
  61  5:38  Marine x3  
  61  5:39  SCV x2  
  61  5:40  Orbital Command  
  64  5:45  Marine  
  64  5:46  Marine  
  64  5:47  Medivac x2  
  70  5:51  Siege Tank  
  70  5:55  SCV x2  
  70  5:56  Marine  
  76  6:03  Marine  
  76  6:04  Marine x3, Supply Depot  
  75  6:05  Combat Shield, Supply Depot  
  75  6:07  SCV  
  75  6:08  SCV  
  79  6:14  Marine  
  79  6:15  Orbital Command  
  80  6:21  Supply Depot, Armory  
  80  6:22  SCV  
  80  6:23  SCV  
  82  6:29  Marine x3, Siege Tank  
  82  6:30  Marine  
  89  6:35  SCV x2  
  89  6:39  Marine  
  92  6:47  Marine  
  92  6:52  Barracks, Supply Depot  
  92  6:53  Marine x3, Barracks  
  96  6:54  Supply Depot  
  96  6:56  Medivac x2  
  96  6:57  Marine  
  96  6:59  SCV x2  
  103  7:14  Marine x4  
  103  7:15  Siege Tank  
  110  7:17  SCV  
  110  7:18  SCV  
  110  7:22  Marine  
  113  7:24  Terran Infantry Armor Level 2, Terran Infantry Weapons Level 2  
  113  7:29  Supply Depot  
  113  7:32  Marine x4, SCV x2  
  113  7:33  SCV  
  120  7:40  Marine  
  118  7:44  SCV  
  118  7:46  Barracks Reactor  
  118  7:47  Barracks Reactor  
  118  7:49  Marine  
  118  7:50  Marine x3  
  118  7:57  Siege Tank, Medivac x2  
  118  7:58  Marine  
  126  8:04  Command Center  
  126  8:07  Marine x3  
  126  8:15  Marine  
  126  8:16  Marine  
  122  8:23  Marine  
  122  8:25  Marine x2  
  122  8:26  Marine x4  
  116  8:27  Medivac x2  
  116  8:33  Marine x2  
  117  8:39  Barracks x2  
  117  8:40  Refinery  
  117  8:41  Marine, Barracks  
  117  8:42  Refinery  
  117  8:43  Marine x3  
  117  8:44  Marine x3, Supply Depot  
  117  8:45  Supply Depot  
  123  8:51  Marine x2  
  123  8:55  Siege Tank  
  128  8:59  Marine  
  128  9:01  Marine x2  
  131  9:04  Terran Vehicle Weapons Level 1  
  131  9:10  Supply Depot  
  131  9:13  Supply Depot  
  131  9:16  SCV x3  
  134  9:34  Marine  
  134  9:35  Marine x6  
  134  9:36  Barracks Tech Lab x3  
  139  9:48  Marine  
  139  9:49  Siege Tank, Medivac x2  
  139  9:51  Marine  
  139  9:52  Factory  
  148  10:01  Marine x7  
  148  10:02  Marauder x2  
  148  10:03  Marauder  
  148  10:06  Planetary Fortress  
  161  10:07  SCV x3  
  161  10:13  Marine  
  161  10:14  Marine  
  166  10:17  Terran Infantry Weapons Level 3  
  166  10:18  Fusion Core  
  166  10:19  SCV, Medivac  
  169  10:21  Starport  
  169  10:24  Marauder x2  
  172  10:35  Marine  
  172  10:36  Marine x7, Marauder x2  
  177  10:45  Marine, Marauder  
  174  10:53  Marine x2  
  174  10:54  Marine x5  
  174  10:56  Terran Infantry Armor Level 3  
  170  10:57  Marauder x2  
  170  11:01  Liberator x2  
  170  11:03  Marauder  
  165  11:05  SCV  
  165  11:06  SCV x3  
  168  11:12  Refinery  
  168  11:14  Refinery  
  168  11:17  SCV  
  168  11:18  SCV  
  170  11:21  Starport Tech Lab  
  170  11:24  Factory Tech Lab  
  176  11:31  Starport  
  176  11:32  Marine  
  176  11:33  Marine x3  
  176  11:38  Missile Turret  
  180  11:42  Marine  
  180  11:44  SCV  
  143  11:49  Liberator x2  
  138  12:00  Marine x7, Marauder x3  
  142  12:08  Starport Reactor  
  142  12:11  SCV  
  143  12:26  SCV x2  
  141  12:43  Supply Depot  
  141  12:45  Supply Depot  
  141  12:53  Orbital Command  
  141  13:05  Marine x7  
  148  13:07  Marauder x3  
  154  13:15  Marine  
  153  13:23  Marine, Marauder  
  153  13:24  SCV  
  157  13:30  Marauder  
  156  13:37  Siege Tank  
  140  13:51  Siege Tank  
  140  13:52  Marine  
  140  13:53  SCV x3  
  147  14:05  SCV x2  
  152  14:11  Marine x2  
  152  14:12  Marine  
  152  14:16  SCV  
  153  14:17  SCV  
  153  14:18  SCV  
Show
View Real Time Build Order
Export as new Build Order

IceWorLd Zerg 

Build Orders: Hatch First 

Get SALT Encoding   

  12  0:02  Drone  
  13  0:13  Overlord  
  13  0:17  Drone  
  14  0:42  Drone x3  
  17  0:55  Hatchery  
  16  0:57  Drone  
  16  0:59  Extractor  
  16  1:08  Drone  
  17  1:18  Spawning Pool  
  17  1:20  Drone  
  17  1:32  Drone  
  18  1:36  Drone  
  19  1:47  Overlord  
  19  2:05  Metabolic Boost  
  19  2:06  Queen, Zergling x2  
  19  2:07  Queen  
  24  2:11  Zergling x2  
  24  2:14  Drone  
  26  2:19  Drone  
  27  2:35  Hatchery  
  26  2:46  Queen  
  26  2:49  Overlord  
  28  2:57  Overlord  
  27  3:02  Queen  
  29  3:09  Drone x2  
  29  3:11  Drone  
  32  3:15  Drone  
  32  3:18  Drone  
  34  3:25  Drone x3  
  37  3:40  Queen  
  39  3:42  Drone  
  39  3:43  Roach Warren  
  39  3:55  Queen  
  41  3:56  Drone x4  
  45  4:03  Queen  
  45  4:05  Overlord  
  47  4:13  Drone  
  47  4:14  Drone x2  
  50  4:24  Roach  
  50  4:25  Roach x3  
  58  4:37  Overlord x3  
  58  4:44  Drone, Evolution Chamber x2  
  58  4:45  Drone  
  58  5:11  Drone x5  
  58  5:12  Drone x7  
  69  5:16  Zerg Melee Weapons Level 1  
  68  5:25  Hatchery  
  68  5:27  Spore Crawler, Drone x3  
  69  5:39  Drone  
  69  5:40  Overlord  
  68  5:48  Drone x3  
  71  5:50  Drone x2  
  71  5:54  Overlord, Extractor  
  71  5:55  Extractor  
  71  6:02  Queen  
  71  6:03  Overlord  
  73  6:06  Overlord  
  73  6:07  Baneling Nest  
  72  6:22  Drone x5  
  72  6:24  Zerg Ground Armor Level 1  
  77  6:26  Zergling x8  
  77  6:27  Zergling x4  
  83  6:33  Lair  
  83  6:34  Zergling x6  
  86  6:57  Drone x3  
  86  6:58  Drone x7  
  86  6:59  Extractor  
  86  7:00  Extractor  
  86  7:01  Spore Crawler, Spine Crawler  
  90  7:15  Zergling x4  
  90  7:16  Zergling x12  
  98  7:28  Zergling x4  
  98  7:29  Zergling x6  
  103  7:30  Baneling  
  103  7:31  Baneling x3  
  76  7:51  Zergling x2  
  76  7:52  Baneling  
  76  7:53  Zergling x8, Baneling x3  
  76  7:54  Zergling x10  
  76  7:55  Queen  
  76  7:58  Zerg Melee Weapons Level 2  
  87  7:59  Zergling x2  
  87  8:00  Zergling x8  
  87  8:01  Pneumatized Carapace  
  92  8:07  Zergling x2  
  80  8:21  Zergling x2  
  80  8:22  Zergling x12  
  72  8:28  Drone  
  72  8:29  Queen, Drone x6  
  76  8:35  Zergling x4  
  76  8:37  Zergling x4  
  79  8:43  Centrifical Hooks  
  79  8:45  Infestation Pit, Zergling x2  
  79  8:46  Zergling x2  
  80  8:56  Zergling x2  
  80  8:57  Zergling x14  
  80  9:00  Baneling x2  
  80  9:01  Zergling x6, Baneling x6  
  80  9:02  Zergling x2  
  92  9:08  Drone x2  
  94  9:12  Zerg Ground Armor Level 2  
  94  9:13  Zergling x10  
  99  9:24  Zergling x10  
  102  9:29  Hatchery  
  102  9:33  Hive  
  102  9:34  Zergling x2  
  102  9:36  Overlord x4, Zergling x2  
  102  9:37  Overlord x3  
  97  9:42  Baneling x10  
  97  9:43  Baneling  
  97  9:44  Zergling x4, Baneling x7  
  96  9:46  Zergling x2  
  97  9:54  Zergling x4  
  97  9:55  Zergling x10  
  97  9:57  Zergling x2  
  97  9:58  Zergling x2  
  97  9:59  Zergling x2  
  107  10:06  Zergling x10  
  112  10:10  Baneling x6  
  112  10:11  Baneling  
  112  10:23  Zergling x4  
  112  10:24  Zergling x16  
  122  10:35  Zergling x8  
  120  10:36  Zergling x6  
  120  10:38  Zergling x4  
  120  10:40  Zergling x2  
  127  10:45  Zergling x6  
  127  10:46  Zergling x4  
  127  10:49  Zergling x2  
  132  10:50  Zergling x8  
  133  10:58  Zergling x2  
  133  10:59  Zergling x6  
  136  11:05  Zergling x8  
  140  11:15  Zerg Melee Weapons Level 3  
  136  11:19  Zergling x4  
  136  11:20  Zergling x4, Ultralisk Cavern  
  136  11:21  Baneling x11  
  138  11:30  Spore Crawler  
  138  11:31  Zerg Ground Armor Level 3  
  137  11:35  Zergling x6, Hatchery  
  95  11:55  Zergling x8  
  95  11:56  Zergling x22  
  95  11:58  Zergling x4  
  95  12:00  Zergling x2  
  104  12:01  Zergling x2  
  104  12:04  Zergling x4  
  104  12:05  Zergling x2  
  104  12:14  Baneling x9  
  104  12:15  Zergling x4  
  103  12:17  Zergling x4  
  103  12:18  Zergling x2  
  103  12:20  Zergling x2  
  103  12:21  Zergling x2  
  108  12:26  Zergling x2  
  108  12:27  Zergling x6  
  107  12:32  Zergling x4  
  107  12:35  Baneling x7  
  107  12:36  Baneling x4  
  104  12:40  Chitinous Plating  
  104  12:47  Drone x5  
  104  12:48  Drone  
  110  12:54  Zergling x8  
  110  12:56  Zergling x2  
  110  12:58  Zergling x4  
  117  13:07  Zergling x12  
  123  13:13  Zergling x2  
  123  13:14  Zergling x8  
  123  13:18  Zergling x4  
  123  13:19  Baneling  
  121  13:20  Baneling x2  
  112  13:27  Zergling x2  
  67  13:48  Zergling x2  
  67  13:49  Zergling x6  
  68  14:12  Hydralisk Den  
  63  14:35  Hatchery  
Tags
 
Add a new tag
Caveats
  • Supply blocks, unpowered buildings, or Contaminate may cause inaccurate times.
  • Supply counts are checked every 10 seconds.